 Dungeon Crawl Stone Soup version 0.20.1-1-g8b1a95d (webtiles) character file.

218 Iscandelvey the Conjurer (level 5, -9/28 HPs)
             Began as a Deep Elf Conjurer on Dec 13, 2017.
             Killed by divine providence
             ... invoked by an orc priest
              (13 damage)
             ... on level 3 of the Dungeon.
             The game lasted 00:13:53 (2614 turns).

Iscandelvey the Conjurer (Deep Elf Conjurer)        Turns: 2614, Time: 00:13:53

Health: -9/28      AC:  4    Str:  5    XL:     5   Next: 63%
Magic:  8/14       EV: 13    Int: 25    God:
Gold:   134        SH:  0    Dex: 15    Spells: 10/13 levels left

rFire    . . .     SeeInvis .   s - -3 whip (curse)
rCold    . . .     Gourm    .   (no shield)
rNeg     . . .     Faith    .   k - +0 leather armour
rPois    .         Spirit   .   (no helmet)
rElec    .         Reflect  .   l - scarf {repulsion}
rCorr    .         Harm     .   r - +0 pair of gloves
MR       .....                  (no boots)
Stlth    ++........             (no amulet)
Regen    0.1/turn               f - +4 ring of intelligence
MPRegen  0.2/turn               (no ring)

@: repel missiles
A: no striking features
a: no special abilities


You were on level 3 of the Dungeon.
You were hungry.

You visited 1 branch of the dungeon, and saw 3 of its levels.

You collected 134 gold pieces.

Inventory:

Hand Weapons
 h - a cursed -2 whip
 i - a +0 short sword
 s - a cursed -3 whip (weapon)
Armour
 a - a +0 robe
 k - a +0 leather armour (worn)
 l - a scarf of repulsion (worn)
 r - a +0 pair of gloves (worn)
Jewellery
 f - a +4 ring of intelligence (left hand)
Wands
 v - a wand of clouds (4/9)
Scrolls
 e - 3 scrolls of magic mapping {unknown}
 g - 4 scrolls of remove curse {unknown}
 j - 4 scrolls of identify {unknown}
 o - a scroll of immolation {unknown}
 t - a scroll of enchant weapon {unknown}
 w - a scroll of fear {unknown}
Potions
 m - 2 potions of brilliance {unknown}
 p - a potion of curing {unknown}
 q - a potion of cancellation {unknown}
 u - a potion of flight {unknown}
Books
 b - a book of Conjurations

   Spells                             Type                      Level
   a - Magic Dart                     Conjuration                  1
   b - Searing Ray                    Conjuration                  2
   c - Dazzling Spray                 Conjuration/Hexes            3
   d - Fulminant Prism                Conjuration/Hexes            4
   e - Force Lance                    Conjuration/Translocation    4
   f - Iskenderun's Mystic Blast      Conjuration                  4
Comestibles
 c - 3 bread rations
 d - a royal jelly
 n - a meat ration


   Skills:
 + Level 3.7 Dodging
 - Level 2.4 Stealth
 + Level 4.7 Spellcasting
 * Level 6.4 Conjurations


You had 10 spell levels left.
You knew the following spells:

 Your Spells              Type           Power        Failure   Level  Hunger
a - Magic Dart            Conj           ####         1%          1    None
b - Searing Ray           Conj           #####.       1%          2    None


Dungeon Overview and Level Annotations

Branches:
Dungeon (3/15)

Altars:
Makhleb
Xom


Message History

The orc priest begins to cast a cantrip, but forgets the words!
The orc priest mumbles some strange prayers to Beogh against you.
Beogh smites you!
Ouch! That really hurt!
You hear a shout!
An orc comes into view. It is wielding a mace.
The orc shouts!
Casting: Searing Ray
Confirm with . or Enter, or press ? or * to list all spells.
Aiming: Magic Dart
Press: ? - help, Shift-Dir - straight line, f/p - orc priest
Aim: an orc priest, wielding a flail (heavily wounded)
The magic dart hits the orc priest.
The orc priest is severely wounded.
The orc priest hits you with a flail!
* * * LOW HITPOINT WARNING * * *
An orc comes into view. It is wielding a mace of protection.
The orc priest calls down the wrath of Beogh upon you.
Beogh smites you!
You die...

#..........#.###...(.(....#
#..........#......#....#...
#..........+.##...#<#..# #
#######......... #.
###.###..# #.......####+##
#. #.. ...# #.####........#
######.#
####........####+###### .#
.......................# ..
.....#+####'#..@.......# ##
......#.####.#....o....#
#######......#####o...##
#####..# #..## #..# o.#
#..# o# #### .# #


You could see 2 orc priests and 2 orcs.

Vanquished Creatures
  The ghost of Iscandelvey the Conjurer, an amateur DECj (D:3)
  A hound (D:2)
  Jessica (D:2)
  4 adders
  A worm (D:2)
  3 dart slugs
  3 giant cockroaches
  8 goblins (D:1)
  4 hobgoblins
  5 jackals
  8 kobolds
  A quokka (D:3)
  2 ball pythons (D:1)
  4 bats
  3 frilled lizards
  2 rats
51 creatures vanquished.

Notes
Turn   | Place    | Note
-------+----------+-------------------------------------------
     0 | D:1      | Iscandelvey the Deep Elf Conjurer began the quest for the Orb.
     0 | D:1      | Reached XP level 1. HP: 10/10 MP: 6/6
   120 | D:2      | Noticed Jessica
   318 | D:1      | Reached XP level 2. HP: 15/15 MP: 6/8
   441 | D:1      | Reached skill level 5 in Conjurations
   637 | D:1      | Learned a level 2 spell: Searing Ray
   719 | D:1      | Reached XP level 3. HP: 19/19 MP: 7/9
  1189 | D:2      | Found a burning altar of Makhleb.
  1198 | D:2      | Reached XP level 4. HP: 18/24 MP: 0/11
  1524 | D:3      | Noticed Iscandelvey's ghost (amateur DECj)
  1534 | D:3      | Killed Iscandelvey's ghost
  1534 | D:3      | Reached skill level 6 in Conjurations
  1534 | D:3      | Reached XP level 5. HP: 21/28 MP: 6/13
  1783 | D:2      | Killed Jessica
  1897 | D:2      | Found a shimmering altar of Xom.
  2614 | D:3      | Killed from afar by an orc priest

Skill      XL: |  1  2  3  4 |
---------------+-------------+-----
Conjurations   | 5 6 |  6.4
Dodging        | 3 |  3.7
Spellcasting   | 4 |  4.7
Stealth        | |  2.4

Action                   |  1- 3 |  4- 6 || total
-------------------------+-------+-------++-------
Melee: Short sword       |    10 |    10 ||    20
 Cast: Magic Dart        |    64 |    48 ||   112
       Searing Ray       |       |     4 ||     4
  Eat: Chunk             |     1 |     3 ||     4
Armor: Robe              |     1 |       ||     1
       Leather armour    |     3 |     2 ||     5
Dodge: Dodged            |    19 |    11 ||    30
       Deflected         |     2 |     1 ||     3
